Map: Jagannatha LE

Players

ViBE - Winner!

  • Race: Zerg Zerg
  • League: Master

Camel

  • Race: Zerg Zerg
  • League: Master

VOD

Have the link to the VOD?

Description

Time

  • Played on: May 5, 2021, 10:57 p.m.
  • Length: 5:25
Show
View Real Time Build Order
Export as new Build Order

ViBE Zerg - Winner!

Build Orders: Hatch First 

Get SALT Encoding   

  12  0:00  Drone  
  13  0:12  Overlord  
  13  0:18  Drone  
  14  0:31  Drone x2  
  16  0:49  Hatchery  
  15  0:52  Drone  
  15  0:56  Drone  
  17  1:00  Drone  
  18  1:10  Extractor  
  17  1:16  Spawning Pool  
  17  1:18  Drone  
  17  1:21  Drone  
  18  1:30  Drone  
  19  1:54  Overlord  
  19  2:01  Drone x3  
  20  2:02  Queen x2  
  26  2:10  Metabolic Boost  
  26  2:13  Drone  
  26  2:14  Drone  
  28  2:23  Drone x2  
  30  2:41  Drone x2  
  30  2:43  Drone  
  33  2:46  Roach Warren  
  33  2:50  Overlord  
  32  3:03  Overlord  
  32  3:04  Overlord  
  32  3:12  Overlord  
  32  3:26  Roach x7  
  46  3:35  Roach  
  46  3:36  Zergling x2  
  49  3:44  Zergling x8  
  49  3:46  Hatchery, Zergling x2  
  53  3:53  Zergling x2  
  53  3:54  Zergling x2  
  55  4:03  Zergling x4  
  57  4:11  Zergling x4  
  59  4:25  Zergling x2  
  59  4:26  Zergling x14  
  65  4:35  Zergling x4  
  63  4:52  Zergling x10  
  67  5:02  Zergling x2  
  67  5:03  Zergling x10  
Show
View Real Time Build Order
Export as new Build Order

Camel Zerg 

Build Orders: Hatch First 

Get SALT Encoding   

  12  0:00  Drone  
  13  0:12  Overlord  
  13  0:16  Drone  
  14  0:30  Drone x2  
  16  0:48  Hatchery  
  15  0:53  Drone  
  15  0:56  Drone  
  17  0:59  Drone  
  18  1:11  Extractor  
  17  1:16  Spawning Pool  
  17  1:18  Drone  
  17  1:21  Drone  
  18  1:28  Drone  
  19  1:40  Drone  
  20  1:49  Overlord  
  20  2:04  Queen x2  
  20  2:05  Zergling x4  
  26  2:11  Drone, Metabolic Boost  
  26  2:14  Drone  
  28  2:22  Drone x2  
  30  2:37  Hatchery  
  29  2:46  Baneling Nest  
  29  2:50  Drone x2  
  30  2:53  Drone  
  31  3:04  Overlord  
  31  3:05  Drone x3  
  33  3:15  Drone x2  
  33  3:17  Overlord  
  35  3:24  Roach Warren  
  35  3:30  Evolution Chamber  
  34  3:35  Drone x5  
  34  3:39  Queen  
  41  3:42  Drone  
  42  3:57  Zergling x14  
  42  3:58  Zergling x2  
  50  4:04  Roach  
  52  4:11  Roach x3  
  55  4:31  Roach  
  55  4:32  Roach  
  55  4:35  Roach x3  
  57  4:44  Overlord x3  
  57  4:45  Queen x2  
  55  4:48  Queen  
  55  4:51  Zergling x2  
  52  5:01  Roach x3  
  52  5:06  Roach  
Tags
 
Add a new tag
Caveats
  • Supply blocks, unpowered buildings, or Contaminate may cause inaccurate times.
  • Supply counts are checked every 10 seconds.